 Dungeon Crawl Stone Soup version 0.29.1-2-gbd0b4ee654 (webtiles) character file.

Game seed: 6630184143319019900

58 RUZZLEFAZAZZLE the Magician (level 4, -5/32 HPs)
             Began as a Gnoll Hedge Wizard on Nov 28, 2022.
             Slain by a gnoll
             ... wielding a +0 spear
              (8 damage)
             ... on level 2 of the Dungeon.
             The game lasted 00:04:39 (2121 turns).

RUZZLEFAZAZZLE the Magician (Gnoll Hedge Wizard)    Turns: 2121, Time: 00:04:40

Health: -5/32      AC:  2    Str: 10    XL:     4   Next: 2%
Magic:  9/13       EV: 13    Int: 15    God:
Gold:   53         SH:  0    Dex: 11    Spells: 14/17 levels left

rFire   . . .      SeeInvis .   a - +0 dagger
rCold   . . .      Faith    .   (no shield)
rNeg    . . .      Spirit   .   b - +0 robe
rPois   .          Reflect  .   c - +0 hat
rElec   .          Harm     .   (no cloak)
rCorr   .          Rampage  .   (no gloves)
Will    .....                   (no boots)
Stlth   ++........              (no amulet)
HPRegen 0.10/turn               (no ring)
MPRegen 0.13/turn               (no ring)

@: no status effects
A: fangs 1, strong nose, distributed training
a: no special abilities


You were on level 2 of the Dungeon.
You visited 1 branch of the dungeon, and saw 2 of its levels.

You collected 53 gold pieces.

Inventory:

Hand Weapons
 a - a +0 dagger (weapon)
Armour
 b - a +0 robe (worn)
 c - a +0 hat (worn)


   Skills:
 + Level 1.0 Fighting
 + Level 1.0 Short Blades
 + Level 1.0 Long Blades
 + Level 1.0 Axes
 + Level 1.0 Maces & Flails
 + Level 1.0 Polearms
 + Level 1.0 Staves
 + Level 1.0 Ranged Weapons
 + Level 1.0 Throwing
 + Level 1.0 Armour
 + Level 4.6 Dodging
 + Level 4.2 Stealth
 + Level 1.0 Shields
 + Level 1.0 Unarmed Combat
 + Level 7.2 Spellcasting
 + Level 2.2 Conjurations
 + Level 0.8 Hexes
 + Level 2.2 Summonings
 + Level 0.8 Necromancy
 + Level 2.2 Translocations
 + Level 0.8 Transmutations
 + Level 0.8 Fire Magic
 + Level 0.8 Ice Magic
 + Level 0.8 Air Magic
 + Level 0.8 Earth Magic
 + Level 0.8 Poison Magic
 + Level 1.1 Invocations
 + Level 1.0 Evocations


You had 14 spell levels left.
You knew the following spells:

 Your Spells              Type           Power      Damage    Failure   Level
a - Magic Dart            Conj           48%        1d5       5%          1
b - Call Imp              Summ           12%        N/A       8%          2

Your spell library contained the following spells:

 Spells                   Type           Power      Damage    Failure   Level
 Blink                    Tloc           24%        N/A       8%          2
 Slow                     Hex            28%        N/A       10%         1
 Conjure Flame            Conj/Fire      9%         6-21      22%         3
 Mephitic Cloud           Conj/Pois/Air  9%         N/A       22%         3


Dungeon Overview and Level Annotations

Branches:
Dungeon (2/15)

Altars:


Innate Abilities, Weirdness & Mutations

You have very sharp teeth.
Your uncanny sense of smell can sniff out nearby items.
Your experience applies equally to all skills.


Message History

Press: ? - help, Q - select action, (/) - cycle Shift-Dir - straight line, f/p - gnoll
Aim: a gnoll, wielding a +0 spear (moderately wounded, ally target, 100% to hit)
The magic dart hits the gnoll.
The gnoll is moderately wounded.
The gnoll misses you.
The gnoll hits your crimson imp with a +0 spear.
Your crimson imp hits the gnoll.
Aiming: Magic Dart (safe; 5% risk of failure)
Press: ? - help, Q - select action, (/) - cycle Shift-Dir - straight line, f/p - gnoll
Aim: a gnoll, wielding a +0 spear (moderately wounded, 100% to hit)
You miscast Magic Dart.
You are very lightly contaminated with residual magic.
Nothing appears to happen.
The gnoll hits you from afar with a +0 spear.
Your crimson imp barely misses the gnoll.
The gnoll hits your crimson imp but does no damage.
You aren't carrying any potions.
You aren't carrying any scrolls.
Aiming: Magic Dart (safe; 5% risk of failure)
Press: ? - help, Q - select action, (/) - cycle Shift-Dir - straight line, f/p - gnoll
Aim: a gnoll, wielding a +0 spear (moderately wounded, 100% to hit)
The magic dart hits the gnoll.
The gnoll is heavily wounded.
The gnoll hits you from afar with a +0 spear!
* * * LOW HITPOINT WARNING * * *
The gnoll hits your crimson imp with a +0 spear!
Your crimson imp blinks!
Aiming: Magic Dart (safe; 5% risk of failure)
Press: ? - help, Q - select action, (/) - cycle Shift-Dir - straight line, f/p - gnoll
Aim: a gnoll, wielding a +0 spear (heavily wounded, 100% to hit)
The magic dart hits the gnoll.
The gnoll is severely wounded.
The gnoll hits you from afar with a +0 spear.
* * * LOW HITPOINT WARNING * * *
Your crimson imp closely misses the gnoll.
Your magical contamination has completely faded away.
You aren't carrying any scrolls.
Your crimson imp blinks!
The gnoll hits you from afar with a +0 spear!
You die...

##gg..[.,,*#.....#
)..#*##**,*#####.#
#*** #.# #.# # #.#
#.# # #.# #.# ##
#.# #.# .### #.#
#.# ...# #.# #.#
##ยง#############@#
#.........g.gg..#
#...............#
#...............#
###############.#
#.# #.# #.# #.# #.#
#.# #.# #.#


You could see 3 gnolls.

Vanquished Creatures
  2 adders (D:2)
  A dart slug (D:1)
  3 endoplasms
  2 giant cockroaches
  3 goblins
  3 hobgoblins
  2 kobolds
  3 quokkas
  7 ball pythons
  6 frilled lizards
  3 rats
  A spectral kobold (D:2)
36 creatures vanquished.

Notes
Turn   | Place    | Note
-------+----------+-------------------------------------------
     0 | D:1      | RUZZLEFAZAZZLE the Gnoll Hedge Wizard began the quest for
                  | the Orb.
     0 | D:1      | Reached XP level 1. HP: 13/13 MP: 8/8
   319 | D:1      | Reached XP level 2. HP: 17/19 MP: 1/10
   977 | D:1      | Learned a level 2 spell: Call Imp
  1021 | D:1      | Reached XP level 3. HP: 25/25 MP: 9/11
  1286 | D:2      | Reached skill level 1 in Invocations
  1447 | D:2      | Reached skill level 1 in Fighting
  1447 | D:2      | Reached skill level 1 in Short Blades
  1447 | D:2      | Reached skill level 1 in Long Blades
  1447 | D:2      | Reached skill level 1 in Axes
  1447 | D:2      | Reached skill level 1 in Maces & Flails
  1447 | D:2      | Reached skill level 1 in Polearms
  1447 | D:2      | Reached skill level 1 in Staves
  1447 | D:2      | Reached skill level 1 in Ranged Weapons
  1447 | D:2      | Reached skill level 1 in Throwing
  1447 | D:2      | Reached skill level 1 in Armour
  1447 | D:2      | Reached skill level 1 in Shields
  1447 | D:2      | Reached skill level 1 in Unarmed Combat
  1447 | D:2      | Reached skill level 1 in Evocations
  1799 | D:2      | Found a faded altar of an unknown god.
  1934 | D:2      | Reached XP level 4. HP: 32/32 MP: 9/13
  2121 | D:2      | Slain by a gnoll

Illustrated notes

Levels and vault maps discovered:
D:1:      lemuel_arrival_funnel, layout_basic, serial_rivers,
          chequers_serial_rivers_micro_b, chequers_serial_rivers_micro_b,
          chequers_serial_rivers_small_3, chequers_serial_rivers_small_a,
          minmay_misc_feat_tiny
D:2:      minmay_diamond_boxcup, layout_loops_cross, serial_co_window_serial,
          co_window_corner_a, co_window_paths_b, co_window_paths_a,
          co_window_corner_a, co_window_cross_1, co_window_cross_2,
          co_window_broadway_c, co_window_broadway_b, co_window_paths_c,
          co_window_broadway_a, co_window_paths_c, co_window_paths_c,
          co_window_4corner_a, glass_columns_c, glass_columns_b,
          glass_columns_a, glass_columns_a,
          dreamdust_ecumenical_altar_drowned_temple, uniq_natasha

Skill      XL: |  1  2  3 |
---------------+----------+-----
Conjurations   | 2 |  2.2
Summonings     | 2 |  2.2
Translocations | 2 |  2.2
Invocations    | 1 |  1.1
Fighting       | 1 |  1.0
Short Blades   | 1 |  1.0
Long Blades    | 1 |  1.0
Axes           | 1 |  1.0
Maces & Flails | 1 |  1.0
Polearms       | 1 |  1.0
Staves         | 1 |  1.0
Ranged Weapons | 1 |  1.0
Throwing       | 1 |  1.0
Armour         | 1 |  1.0
Shields        | 1 |  1.0
Unarmed Combat | 1 |  1.0
Evocations     | 1 |  1.0
Dodging        | |  4.6
Stealth        | |  4.2
Spellcasting   | |  7.2
Hexes          | |  0.8
Necromancy     | |  0.8
Transmutations | |  0.8
Fire Magic     | |  0.8
Ice Magic      | |  0.8
Air Magic      | |  0.8
Earth Magic    | |  0.8
Poison Magic   | |  0.8

Action                   |  1- 3 |  4- 6 || total
-------------------------+-------+-------++-------
Melee: Dagger            |    27 |       ||    27
       Bite              |     1 |       ||     1
 Cast: Magic Dart        |    96 |     6 ||   102
       Call Imp          |       |     1 ||     1
  Use: Potion            |     2 |       ||     2
       Scroll            |     3 |       ||     3
Armor: Robe              |     8 |       ||     8
Dodge: Dodged            |    29 |     1 ||    30
